 Dungeon Crawl Stone Soup version 0.21.1-1-g345015fe64 (webtiles) character file.

137 Oravi the Shield-Bearer (level 5, -2/36 HPs)
             Began as a Halfling Fighter on Mar 27, 2018.
             Slain by coier's ghost (3 damage)
             ... on level 3 of the Dungeon.
             The game lasted 00:11:31 (1910 turns).

Oravi the Shield-Bearer (Halfling Fighter)          Turns: 1910, Time: 00:11:31

Health: -2/36      AC:  8    Str: 17    XL:     5   Next: 44%
Magic:  5/5        EV: 10    Int:  6    God:
Gold:   124        SH: 10    Dex: 19    Spells: 4/4 levels left

rFire    . . .     SeeInvis .   a - +0 rapier
rCold    . . .     Gourm    .   c - +0 shield
rNeg     . . .     Faith    .   b - +0 scale mail
rPois    .         Spirit   .   (no helmet)
rElec    .         Reflect  .   o - +0 cloak
rCorr    +         Harm     .   (no gloves)
MR       .....                  (no boots)
Stlth    ..........             (no amulet)
HPRegen  0.12/turn              i - ring of resist corrosion
MPRegen  0.09/turn              t - +4 ring of dexterity

@: no status effects
A: small, mutation resistance 1
a: no special abilities


You were on level 3 of the Dungeon.
You were not hungry.

You visited 1 branch of the dungeon, and saw 3 of its levels.

You collected 124 gold pieces.

Inventory:

Hand Weapons
 a - a +0 rapier (weapon)
Missiles
 m - 51 stones (quivered)
 r - 15 sling bullets
Armour
 b - a +0 scale mail (worn)
 c - a +0 shield (worn)
 o - a +0 cloak (worn)
Jewellery
 i - a ring of resist corrosion (left hand)
 t - a +4 ring of dexterity (right hand)
Scrolls
 e - a scroll of fog {unknown}
 g - a scroll of amnesia {unknown}
 h - 6 scrolls of identify {unknown}
 j - a scroll of magic mapping {unknown}
 l - 2 scrolls of remove curse {unknown}
 q - a scroll of immolation {unknown}
Potions
 d - a potion of might
 n - a potion of agility {unknown}
 p - a potion of ambrosia {unknown}
 s - 3 potions of heal wounds {unknown}
Comestibles
 f - 4 rations
 k - 18 chunks of flesh


   Skills:
 + Level 3.1 Fighting
 + Level 4.1 Short Blades
 + Level 4.0 Armour
 + Level 1.2 Dodging
 + Level 4.3 Shields


You had 4 spell levels left.
You didn't know any spells.

Dungeon Overview and Level Annotations

Branches:
Dungeon (3/15)

Altars:
Cheibriados

Annotations:
D:3 coier's ghost, amateur GnWr


Innate Abilities, Weirdness & Mutations

You are small and have problems with some larger weapons.
You are somewhat resistant to further mutation.


Message History

You miss coier's ghost.
Coier's ghost is almost destroyed.
Coier's ghost hits you.
* * * LOW HITPOINT WARNING * * *
Some of the chunks of flesh in your inventory have rotted away.
You miss coier's ghost.
Coier's ghost is almost destroyed.
Coier's ghost misses you.
You closely miss coier's ghost.
Coier's ghost is almost destroyed.
Coier's ghost hits you.
* * * LOW HITPOINT WARNING * * *
You hit coier's ghost but do no damage.
Coier's ghost is almost destroyed.
Coier's ghost hits you!
* * * LOW HITPOINT WARNING * * *
You completely miss coier's ghost.
Coier's ghost is almost destroyed.
Coier's ghost hits you.
You die...

......................####+
...........................
###################........
##### #.##.#### ....#
####.# # ....# #....# ....#
#.#### ....# #.# ....# #@#
....# #.....W.# ....#
#.......# ....# #........#
##### #........... #
#..###.#.###. # #.. #.#.# #
# +. #.#.# #


You could see coier's ghost.

Vanquished Creatures
  An orc priest (D:3)
  An adder (D:2)
  4 oozes
  A worm (D:2)
  A dart slug (D:2)
  2 leopard geckos
  5 orcs (D:3)
  9 giant cockroaches
  9 goblins
  7 hobgoblins
  8 jackals
  3 kobolds (D:1)
  4 bats
  3 frilled lizards
  6 rats
64 creatures vanquished.

Notes
Turn   | Place    | Note
-------+----------+-------------------------------------------
     0 | D:1      | Oravi the Halfling Fighter began the quest for the Orb.
     0 | D:1      | Reached XP level 1. HP: 15/15 MP: 1/1
    85 | D:1      | Reached XP level 2. HP: 5/20 MP: 2/2
   571 | D:1      | Reached XP level 3. HP: 21/25 MP: 3/3
   572 | D:1      | Found a snail-covered altar of Cheibriados.
  1111 | D:2      | Found a faded altar of an unknown god.
  1241 | D:2      | Reached XP level 4. HP: 28/30 MP: 4/4
  1474 | D:2      | Reached skill level 1 in Dodging
  1821 | D:3      | Reached XP level 5. HP: 33/36 MP: 5/5
  1887 | D:3      | Noticed coier's ghost (amateur GnWr)
  1909 | D:3      | HP: 1/36 [coier's ghost (8)]
  1910 | D:3      | Slain by coier's ghost

Skill      XL: |  1  2  3  4  5 |
---------------+----------------+-----
Short Blades   | 3 4 |  4.1
Fighting       | 3 |  3.1
Shields        | 4 |  4.3
Dodging        | 1 |  1.2
Armour         | 4 |  4.0

Action                   |  1- 3 |  4- 6 || total
-------------------------+-------+-------++-------
Melee: Rapier            |   137 |   115 ||   252
  Eat: Chunk             |     1 |     3 ||     4
Armor: Scale mail        |    47 |    30 ||    77
Dodge: Dodged            |    47 |    28 ||    75
Block: Shield            |    73 |    56 ||   129
